 Dungeon Crawl Stone Soup version 0.27-a0-385-g3208abaabc (webtiles) character file.

Game seed: 6775854094413957967

3 wampuh the Grave Robber (level 1, 0/13 HPs)
             Began as a Demonspawn Necromancer on Feb 19, 2021.
             Slain by a jackal (1 damage)
             ... on level 1 of the Dungeon.
             The game lasted 00:00:39 (96 turns).

wampuh the Grave Robber (Demonspawn Necromancer)      Turns: 96, Time: 00:00:39

Health: 0/13       AC:  2    Str:  8    XL:     1   Next: 41%
Magic:  0/3        EV: 12    Int: 16    God:
Gold:   28         SH:  0    Dex: 13    Spells: 3/4 levels left

rFire    . . .     SeeInvis .   (no weapon)
rCold    . . .     Faith    .   (no shield)
rNeg     . . .     Spirit   .   a - +0 robe
rPois    .         Reflect  .   (no helmet)
rElec    .         Harm     .   (no cloak)
rCorr    .         Rampage  .   (no gloves)
Will     .....                  (no boots)
Stlth    ++........             (no amulet)
HPRegen  0.04/turn              (no ring)
MPRegen  0.08/turn              (no ring)

@: no status effects
A: no striking features
a: no special abilities


You were on level 1 of the Dungeon.
You visited 1 branch of the dungeon, and saw 1 of its levels.

You collected 28 gold pieces.

Inventory:

Armour
 a - a +0 robe (worn)


   Skills:
 - Level 1.7 Dodging
 - Level 1.7 Stealth
 * Level 2.1 Spellcasting
 + Level 4.4 Necromancy


You had 3 spell levels left.
You knew the following spells:

 Your Spells              Type           Power        Failure   Level
a - Pain                  Necr           64%          3%          1

Your spell library contained the following spells:

 Spells                   Type           Power        Failure   Level
 Animate Skeleton         Necr           32%          3%          1
 Vampiric Draining        Necr           8%           10%         3
 Animate Dead             Necr           8%           32%         4
 Agony                    Necr           16%          65%         5


Dungeon Overview and Level Annotations

Branches:
Dungeon (1/15)

Altars:


Message History

A bat and a rat come into view.
The jackal bites you.
Casting: Pain (safe; 3% risk of failure)
Confirm with . or Enter, or press ? or * to list all spells.
Aiming: Pain (safe; 3% risk of failure)
Press: ? - help, Shift-Dir - straight line, f - jackal, p - frilled lizard
Aim: a jackal (chance to affect: 85%)
The jackal writhes in agony.
The jackal bites you.
The jackal bites you but does no damage.
The rat barely misses you. The bat barely misses you.
The jackal barely misses you. The rat misses you.
A frilled lizard and a bat come into view.
The bat hits you but does no damage. x2; The rat barely misses you.
The jackal barks!
You aren't carrying any potions.
You aren't carrying any scrolls.
Unknown command.
A bat and 2 goblins come into view.
The goblin shouts!
The bat hits you but does no damage. The bat closely misses you.
The jackal bites you.
A bat comes into view.
The bat barely misses you. The bat hits you.
The bat moves out of view.
Casting: Pain (safe; 3% risk of failure)
Confirm with . or Enter, or press ? or * to list all spells.
Aiming: Pain (safe; 3% risk of failure)
Press: ? - help, Shift-Dir - straight line, f/p - jackal
Aim: a jackal (moderately wounded, chance to affect: 85%)
The jackal writhes in agony.
You kill the jackal!
The bat closely misses you. x2; The bat barely misses you.
The jackal closely misses you. The jackal bites you.
* * * LOW HITPOINT WARNING * * *
The frilled lizard hisses.
The bat hits you.
* * * LOW HITPOINT WARNING * * *
The bat misses you. The jackal barely misses you.
The jackal bites you but does no damage.
The jackal bites you.
You die...

♣.♣ .# ♣.♣#.#
♣.♣#.# ###.#
♣.♣#.##.... #
#♣.♣#......
#.#..l#..# .#
.#.......###.#
.........h....#
.........bh@h..####
..........rbb......
...........#.......
...........#.......
..........#..g....
.....g....#.......
l...######.......
... ....... .......


You could see 3 jackals, 2 goblins, 3 bats, a frilled lizard and a rat.

Vanquished Creatures
  A jackal (D:1)
  A kobold (D:1)
  A bat (D:1)
3 creatures vanquished.

Notes
Turn   | Place    | Note
-------+----------+-------------------------------------------
     0 | D:1      | wampuh the Demonspawn Necromancer began the quest for the
                  | Orb.
     0 | D:1      | Reached XP level 1. HP: 13/13 MP: 3/3
    96 | D:1      | Slain by a jackal

Illustrated notes

Levels and vault maps discovered:
D:1:      eino_arrival_tree_alley, layout_basic

Action                   || total
-------------------------++-------
 Cast: Pain              ||     6
Armor: Robe              ||     8
Dodge: Dodged            ||    18

Table legend: (Time is in decaauts)
 A = Elapsed time spent in this place.
 B = Non-inter-level travel time spent in this place.
 C = Inter-level travel time spent in this place.
 D = Time resting spent in this place.
 E = Time spent auto-exploring this place.
 F = Levels seen in this place.
 G = Mean time per level.
                   A        B        C        D        E       F      G
               +--------+--------+--------+--------+--------+-----+--------+
         Total |     96 |     96 |      0 |     12 |     38 |   1 |   96.0 |
       Dungeon |     96 |     96 |      0 |     12 |     38 |   1 |   96.0 |
               +--------+--------+--------+--------+--------+-----+--------+

Top non-repeatable levels by time:
     D:1: 96 daAuts
